Map: Persephone LE

Players

herO

  • Race: Protoss Protoss
  • Spawn Location: 11:00

Reynor - Winner!

  • Race: Zerg Zerg
  • Spawn Location: 7:00

Event: DreamHack Dallas 2025

VOD

Have the link to the VOD?

Description

Time

  • Played on: May 24, 2025, 12:04 p.m.
  • Length: 17:33

All games in this series

Show
View Real Time Build Order
Export as new Build Order

herO Protoss 

Build Orders: 1 Gate Expand 

Get SALT Encoding   

  12  0:00  Probe  
  13  0:12  Probe  
  14  0:17  Pylon  
  14  0:23  Probe  
  15  0:31  Probe  
  15  0:39  Gateway, Probe  
  16  0:46  Assimilator  
  17  0:50  Probe  
  18  1:03  Probe  
  19  1:15  Probe  
  20  1:24  Nexus  
  20  1:34  Cybernetics Core  
  20  1:36  Probe  
  21  1:42  Assimilator  
  21  1:48  Probe  
  21  1:52  Pylon  
  22  2:00  Probe  
  23  2:08  Probe  
  23  2:10  Adept  
  23  2:15  Stargate  
  26  2:16  Probe  
  27  2:24  Warp Gate  
  27  2:25  Probe  
  28  2:33  Probe x2  
  29  2:41  Probe x2  
  34  2:51  Probe  
  34  2:53  Probe  
  34  2:57  Void Ray  
  36  3:05  Probe x2  
  42  3:10  Pylon  
  40  3:14  Assimilator  
  40  3:16  Assimilator  
  40  3:17  Probe x2  
  42  3:29  Probe x2  
  42  3:31  Fleet Beacon  
  44  3:38  Gateway  
  44  3:41  Probe x2  
  46  3:53  Stargate, Probe x2  
  48  3:58  Pylon  
  48  4:01  Pylon  
  48  4:05  Probe x2, Tempest  
  54  4:19  Probe  
  55  4:27  Tempest  
  59  4:40  Nexus  
  59  4:42  Tempest  
  59  4:45  Pylon  
  63  4:54  Probe  
  63  4:55  Probe  
  65  5:00  Tempest  
  65  5:05  Pylon  
  65  5:10  Shield Battery  
  65  5:13  Probe x2  
  71  5:17  Tempest  
  71  5:19  Shield Battery  
  71  5:26  Probe  
  71  5:27  Probe  
  77  5:33  Pylon  
  77  5:35  Zealot  
  79  5:37  Zealot  
  82  5:42  Probe  
  82  5:43  Probe  
  83  5:52  Twilight Council  
  83  5:55  Void Ray  
  83  5:56  Probe x2  
  89  6:00  Unknown  
  89  6:02  Void Ray  
  93  6:05  Probe  
  93  6:09  Assimilator  
  93  6:10  Assimilator  
  94  6:12  Pylon  
  94  6:13  Probe x2  
  96  6:30  Forge, Void Ray  
  100  6:33  Probe x3  
  100  6:36  Zealot  
  100  6:39  Zealot  
  109  6:41  Void Ray  
  109  6:45  Probe x3  
  109  6:47  Blink  
  111  6:53  Protoss Ground Weapons Level 1, Shield Battery  
  102  6:57  Probe x2  
  102  6:58  Probe  
  102  6:59  Gateway  
  101  7:09  Flux Vanes, Probe  
  101  7:10  Probe x2  
  101  7:12  Stalker x2  
  104  7:21  Probe, Shield Battery  
  104  7:22  Gateway, Probe x2  
  107  7:30  Gateway  
  107  7:34  Gateway, Probe  
  108  7:37  Templar Archives  
  108  7:38  Gateway, Probe  
  108  7:40  Photon Cannon  
  109  7:47  Gateway  
  109  7:49  Gateway  
  109  7:50  Probe  
  110  7:53  Sentry x2  
  110  7:57  Stalker  
  116  8:02  Psionic Storm  
  116  8:05  Gateway  
  116  8:07  Pylon x2  
  116  8:15  Nexus  
  116  8:22  Pylon  
  116  8:24  Pylon  
  116  8:25  High Templar x2  
  120  8:28  Protoss Ground Weapons Level 2, Photon Cannon  
  120  8:29  Shield Battery  
  120  8:31  High Templar  
  120  8:32  Zealot x2  
  126  8:38  Photon Cannon  
  126  8:46  Stalker x2  
  130  8:55  Stalker x2, Charge  
  118  8:56  Probe x3  
  118  9:01  Stalker x2  
  121  9:07  Stalker  
  121  9:08  Stalker x2  
  127  9:10  Probe x3  
  130  9:22  Probe, Assimilator  
  131  9:24  Assimilator  
  131  9:25  Stalker x3  
  131  9:27  Probe  
  131  9:28  Probe  
  139  9:31  Zealot  
  139  9:34  Probe  
  138  9:44  Archon  
  124  9:46  Stalker  
  124  9:47  Stalker x4  
  124  9:48  Probe x2  
  128  9:56  High Templar, Zealot x4  
  138  10:12  High Templar x2  
  138  10:13  Gateway x2, Zealot x3  
  148  10:17  Zealot x4  
  148  10:21  Robotics Facility  
  156  10:31  Stalker  
  156  10:34  Pylon  
  158  10:36  Pylon, Protoss Shields Level 1  
  158  10:37  Pylon  
  158  10:39  Pylon  
  158  10:45  Photon Cannon  
  158  10:54  Stalker  
  158  10:55  Stalker x8  
  170  10:59  Stalker  
  144  11:20  Stalker x6  
  144  11:22  Stalker x2  
  144  11:23  Stalker x2  
  142  11:43  Stalker x7  
  142  11:44  Probe x4  
  151  11:52  Photon Cannon  
  151  11:54  Immortal  
  150  11:56  Probe x3  
  150  12:00  High Templar x5  
  167  12:18  High Templar x2  
  167  12:19  Pylon, Zealot x3  
  177  12:27  Observer  
  177  12:29  Nexus  
  177  12:30  Stalker x2  
  177  12:32  Pylon  
  177  12:33  Pylon  
  178  12:40  Immortal  
  174  12:58  Stalker x8  
  186  13:10  Immortal  
  186  13:11  Stalker x4  
  196  13:24  High Templar x2, Zealot  
  196  13:25  Zealot x2  
  200  13:36  Protoss Shields Level 2, Photon Cannon  
  200  13:37  Photon Cannon  
  200  13:38  Archon  
  200  13:39  Photon Cannon  
  200  13:40  Shield Battery  
  194  13:50  Immortal  
  194  13:52  Stalker x2  
  200  14:04  Assimilator  
  200  14:08  Assimilator  
  200  14:09  Oracle  
  200  14:10  Dark Shrine  
  200  14:13  Pylon  
  178  14:26  Zealot x2  
  178  14:28  Fleet Beacon, Observer  
  178  14:29  Stargate  
  183  14:32  Stalker  
  183  14:35  Stalker  
  187  14:40  Oracle  
  190  14:54  Nexus  
  190  14:55  Pylon  
  190  14:57  Observer  
  191  15:05  High Templar  
  161  15:14  Observer  
  154  15:22  High Templar x4, Zealot x7  
  154  15:26  Archon  
  154  15:27  Archon  
  176  15:31  Tempest  
  176  15:35  Photon Cannon  
  176  15:41  Tempest  
  169  15:58  Zealot x8  
  152  16:13  Observer x2  
  152  16:16  Zealot x3  
  156  16:27  Tempest  
  156  16:33  Tempest  
  105  16:57  Zealot x6  
  101  17:03  Archon x2  
  101  17:04  Archon  
  101  17:14  Pylon  
  82  17:21  Zealot x5  
Show
View Real Time Build Order
Export as new Build Order

Reynor Zerg - Winner!

Build Orders: Hatch First, Lurkers 

Get SALT Encoding   

  12  0:00  Drone  
  13  0:07  Drone  
  14  0:14  Drone, Extractor  
  14  0:21  Overlord  
  15  0:39  Drone  
  16  0:45  Hatchery  
  16  0:48  Drone  
  16  0:52  Drone  
  16  0:56  Drone  
  18  1:06  Extractor  
  18  1:11  Spawning Pool  
  16  1:14  Drone  
  17  1:18  Drone  
  18  1:27  Drone  
  19  1:38  Drone  
  20  1:47  Drone  
  21  1:58  Queen x2  
  21  1:59  Drone x2  
  27  2:08  Overlord  
  27  2:09  Drone  
  27  2:14  Metabolic Boost  
  28  2:27  Zergling x4  
  28  2:29  Drone  
  31  2:31  Drone  
  31  2:35  Queen  
  34  2:40  Overlord  
  34  2:41  Drone  
  35  2:50  Hatchery  
  34  2:52  Drone  
  34  2:55  Drone  
  36  3:03  Overlord  
  36  3:05  Drone x4  
  39  3:08  Zergling x2  
  41  3:15  Drone  
  41  3:18  Queen  
  41  3:19  Overlord  
  44  3:23  Drone  
  44  3:24  Drone  
  44  3:25  Drone  
  47  3:29  Spore Crawler  
  47  3:31  Drone  
  47  3:36  Drone x3  
  47  3:39  Spore Crawler  
  47  3:40  Drone  
  50  3:44  Overlord  
  50  3:48  Drone  
  51  3:53  Drone  
  51  3:54  Overlord  
  54  4:03  Drone x4  
  54  4:05  Drone  
  54  4:06  Lair  
  57  4:10  Roach Warren  
  57  4:11  Drone  
  57  4:13  Drone x2  
  59  4:18  Drone x2  
  59  4:21  Zergling x2, Extractor  
  59  4:22  Zergling x2  
  59  4:24  Drone x2  
  64  4:33  Drone, Queen  
  64  4:35  Drone x2  
  64  4:37  Overlord  
  68  4:44  Extractor  
  67  4:48  Overlord  
  67  4:52  Roach x3  
  73  4:56  Overlord  
  73  4:58  Drone x8  
  81  5:03  Extractor  
  81  5:05  Overlord  
  81  5:06  Queen  
  82  5:07  Drone x3  
  82  5:08  Drone  
  82  5:09  Drone  
  87  5:16  Spire  
  87  5:17  Overlord  
  87  5:18  Drone x2  
  88  5:23  Extractor, Queen  
  88  5:24  Extractor  
  88  5:25  Zergling x2, Roach  
  91  5:30  Drone x2  
  91  5:33  Evolution Chamber  
  91  5:34  Drone x2  
  94  5:38  Spore Crawler x2  
  94  5:42  Queen  
  94  5:44  Zergling x8  
  98  5:51  Drone, Hatchery  
  98  5:52  Drone  
  99  6:02  Drone x3  
  99  6:04  Overlord, Extractor  
  102  6:05  Queen, Zerg Missile Weapons Level 1  
  102  6:11  Drone  
  104  6:13  Overlord  
  104  6:26  Drone  
  104  6:30  Corruptor x6  
  104  6:32  Corruptor  
  111  6:40  Corruptor  
  111  6:44  Corruptor  
  111  6:45  Queen  
  106  6:52  Drone x6  
  100  6:55  Glial Reconstitution  
  100  6:56  Drone  
  100  6:57  Drone x2  
  98  7:02  Drone, Overlord  
  98  7:03  Corruptor  
  98  7:05  Drone x2  
  101  7:16  Roach  
  101  7:17  Hatchery  
  101  7:18  Roach  
  101  7:21  Corruptor  
  106  7:25  Extractor  
  106  7:26  Extractor  
  106  7:27  Corruptor  
  106  7:30  Corruptor  
  106  7:35  Zergling x4, Roach x2  
  114  7:45  Zerg Flyer Weapons Level 1  
  114  7:46  Zergling x4, Roach  
  114  7:50  Queen  
  120  7:51  Hatchery  
  120  7:53  Roach x2  
  120  7:55  Overlord  
  123  8:01  Corruptor x2  
  127  8:06  Zergling x2, Roach x2  
  127  8:09  Overlord  
  132  8:14  Drone  
  132  8:17  Zerg Missile Weapons Level 2  
  132  8:18  Drone x2  
  135  8:20  Corruptor  
  135  8:23  Overlord  
  135  8:24  Zergling x4, Roach x2  
  143  8:30  Infestation Pit  
  143  8:31  Drone x4  
  146  8:38  Roach  
  148  8:41  Overlord  
  148  8:43  Roach x2  
  148  8:45  Corruptor  
  154  8:52  Roach x3  
  153  8:55  Hatchery  
  153  8:56  Extractor  
  153  9:00  Roach x5  
  161  9:06  Pneumatized Carapace  
  161  9:07  Corruptor  
  163  9:10  Overlord  
  163  9:11  Extractor  
  163  9:12  Zergling x4  
  163  9:14  Overseer  
  163  9:15  Roach  
  166  9:23  Overlord  
  165  9:25  Roach x2  
  165  9:26  Zergling x6, Roach  
  165  9:28  Ravager  
  165  9:29  Ravager  
  176  9:31  Overlord  
  172  9:42  Zergling x2, Roach x5  
  169  9:48  Zergling x4  
  169  9:51  Zergling x8  
  162  9:56  Ravager x4  
  166  10:00  Zergling x2  
  166  10:01  Zergling x2  
  166  10:04  Roach  
  166  10:05  Overseer  
  166  10:06  Queen  
  168  10:09  Zergling x2  
  168  10:13  Roach x2  
  173  10:18  Roach  
  175  10:22  Zergling x4, Roach x2  
  175  10:26  Overseer  
  178  10:30  Overseer, Infestation Pit  
  178  10:32  Ravager  
  178  10:33  Ravager  
  178  10:35  Ravager  
  180  10:37  Zergling x2, Roach x3  
  180  10:38  Zergling x10  
  188  10:44  Drone x2  
  188  10:50  Roach x3  
  188  10:53  Roach x3  
  193  10:57  Roach  
  193  11:01  Roach x2  
  193  11:03  Hatchery, Roach  
  197  11:08  Roach x4  
  197  11:11  Roach x2  
  188  11:15  Zergling x2, Roach x2  
  188  11:16  Roach  
  176  11:18  Roach x2  
  176  11:19  Roach  
  176  11:21  Overlord  
  180  11:26  Roach x2  
  180  11:27  Zergling x8  
  180  11:29  Zergling x2, Roach x2  
  185  11:34  Roach x2  
  185  11:36  Hive  
  185  11:37  Zergling x2, Hydralisk Den  
  182  11:40  Roach  
  180  11:47  Zergling x6, Roach x2  
  180  11:51  Ravager x4  
  181  12:02  Zergling x2  
  181  12:03  Zergling x8  
  181  12:05  Zergling x2  
  187  12:10  Overseer, Muscular Augments  
  187  12:11  Hydralisk x4, Lurker Den  
  187  12:12  Zergling x6  
  197  12:16  Hydralisk, Zergling x2  
  200  12:30  Overlord, Hatchery  
  200  12:36  Hydralisk x2  
  196  12:42  Zergling x8  
  196  12:43  Zergling x2  
  178  13:08  Lurker x2  
  178  13:09  Lurker x3  
  178  13:10  Hydralisk x9, Seismic Spines  
  178  13:11  Zergling x10  
  178  13:12  Zergling x4  
  199  13:18  Zergling x10  
  200  13:25  Hydralisk  
  200  13:26  Zergling x4  
  199  13:40  Lurker x4  
  198  13:45  Lurker x4  
  188  13:50  Hydralisk x2  
  188  13:51  Hydralisk x2, Zergling x4  
  188  13:52  Zergling x12  
  189  14:14  Nydus Network  
  189  14:15  Hydralisk x4  
  189  14:16  Zergling x12  
  195  14:20  Hydralisk, Zergling x2  
  193  14:28  Adaptive Talons  
  193  14:29  Lurker x3  
  195  14:31  Hydralisk  
  195  14:32  Zergling x6  
  195  14:33  Zergling x2  
  195  14:42  Lurker x2, Spine Crawler, Spore Crawler  
  195  14:43  Lurker, Spine Crawler  
  195  14:44  Hydralisk  
  195  14:45  Zergling x12  
  199  14:52  Nydus Canal  
  200  14:54  Overseer  
  200  14:55  Overseer x2  
  198  15:00  Overlord x2, Hatchery  
  198  15:02  Overlord  
  194  15:09  Hydralisk x2  
  194  15:10  Hydralisk  
  187  15:16  Hydralisk x2  
  187  15:18  Nydus Canal  
  189  15:26  Hydralisk x2  
  189  15:27  Hydralisk x2  
  189  15:28  Zergling x4  
  195  15:43  Hydralisk x2  
  195  15:44  Zergling x2  
  192  16:04  Lurker x4  
  192  16:06  Hatchery  
  181  16:14  Hydralisk x4  
  181  16:18  Hatchery, Nydus Canal  
  172  16:31  Corruptor x2  
  163  16:48  Hydralisk x4  
  135  17:00  Overseer x2  
  135  17:01  Overseer  
  130  17:03  Lurker x2  
  132  17:14  Zergling x2  
Tags
 
Add a new tag
Caveats
  • Supply blocks, unpowered buildings, or Contaminate may cause inaccurate times.
  • Supply counts are checked every 10 seconds.